 Dungeon Crawl Stone Soup version 0.23.2-40-g277498a001 (webtiles) character file.

Game seed: 7645252797506647829

11362 Exodus22XD the Destroyer (level 11, -7/54 HPs)
             Began as a Deep Elf Wizard on Aug 28, 2019.
             Was a High Priest of Sif Muna.
             Killed from afar by an ice statue (61 damage)
             ... with a bolt of cold
             ... in an ice cave.
             The game lasted 01:41:32 (11524 turns).

Exodus22XD the Destroyer (Deep Elf Wizard)         Turns: 11524, Time: 01:41:39

Health: -7/54      AC:  3    Str:  4    XL:     11   Next: 48%
Magic:  5/29       EV: 13    Int: 27    God:    Sif Muna [*****.]
Gold:   734        SH:  0    Dex: 13    Spells: 13/34 levels left

rFire    + . .     SeeInvis .   p - +0 dagger
rCold    x . .     Gourm    .   (no shield)
rNeg     . . .     Faith    .   a - +0 robe
rPois    .         Spirit   .   b - +0 hat
rElec    .         Reflect  .   n - scarf {cloud immunity}
rCorr    .         Harm     .   D - +0 pair of gloves
MR       +....                  (no boots)
Stlth    ++........             G - amulet of regeneration
HPRegen  0.58/turn              f - ring of fire
MPRegen  0.21/turn              h - ring of wizardry

@: no status effects
A: no striking features
a: Divine Energy, Channel Magic, Forget Spell, Renounce Religion


You were in an ice cave.
You worshipped Sif Muna.
Sif Muna was extremely pleased with you.
You were hungry.

You visited 3 branches of the dungeon, and saw 12 of its levels.
You also visited: Ice Cave.

You collected 734 gold pieces.

Inventory:

Hand Weapons
 p - a +0 dagger (weapon)
Armour
 a - a +0 robe (worn)
 b - a +0 hat (worn)
 n - a scarf of cloud immunity (worn)
 D - a +0 pair of gloves (worn)
Jewellery
 f - a ring of fire (left hand)
 h - a ring of wizardry (right hand)
 G - an amulet of regeneration (around neck)
Wands
 x - a wand of flame (7)
Scrolls
 g - 3 scrolls of remove curse
 j - 9 scrolls of teleportation
 k - 4 scrolls of enchant weapon
 o - 3 scrolls of immolation
 q - 2 scrolls of fog
 r - 2 scrolls of fear {unknown}
 t - 2 scrolls of blinking {unknown}
 y - a scroll of summoning
 A - a scroll of enchant armour {unknown}
 B - 2 scrolls of noise {unknown}
 F - a scroll of amnesia {unknown}
 J - a scroll of brand weapon {unknown}
Potions
 c - 2 potions of heal wounds
 e - 2 potions of brilliance
 i - a potion of magic
 l - 4 potions of flight {unknown}
 m - 9 potions of curing
 s - 3 potions of haste {unknown}
 u - a potion of might {unknown}
 v - 2 potions of agility {unknown}
 w - 4 potions of cancellation {unknown}
 z - 3 potions of mutation {unknown}
 C - a potion of invisibility {unknown}
 E - a potion of degeneration {unknown}
Comestibles
 d - 10 rations


   Skills:
 - Level 2.4 Dodging
 - Level 2.4 Stealth
 - Level 12.4 Spellcasting
 - Level 13.2 Conjurations
 * Level 6.0 Summonings
 - Level 1.1 Translocations
 - Level 5.2 Fire Magic
 - Level 3.3 Poison Magic
 - Level 6.1 Invocations


You had 13 spell levels left.
You knew the following spells:

 Your Spells              Type           Power        Failure   Level  Hunger
a - Magic Dart            Conj           ####         0%          1    None
b - Call Imp              Summ           #####...     1%          2    None
c - Blink                 Tloc           N/A          1%          2    None
d - Conjure Flame         Conj/Fire      #######.     1%          3    None
e - Mephitic Cloud        Conj/Pois/Air  #####...     1%          3    None
f - Iskenderun's Battles  Conj/Chrm      ######..     2%          5    ###....
g - Bolt of Magma         Conj/Fire/Erth ######....   3%          5    ###....

Your spell library contained the following spells:

 Spells                   Type           Power        Failure   Level  Hunger
 Corona                   Hex            ###....      1%          1    None
 Slow                     Hex            ###.....     1%          2    None
 Inner Flame              Hex/Fire       #####...     1%          3    None
 Venom Bolt               Conj/Pois      ######....   1%          5    ###....
 Portal Projectile        Hex/Tloc       ###...       3%          3    None
 Orb of Destruction       Conj           ######....   5%          7    ######.
 Cause Fear               Hex            ###.......   13%         4    None
 Leda's Liquefaction      Hex/Erth       ###.......   13%         4    None
 Iron Shot                Conj/Erth      ######....   14%         6    #####..
 Spellforged Servitor     Conj/Summ      ######....   22%         7    ######.


Dungeon Overview and Level Annotations

Branches:
Dungeon (9/15)             Temple (1/1) D:7            Lair (2/6) D:8
 Spider (0/4) Lair:2
  Swamp: Lair:2-4    Shoals: Lair:2-4       Orc: D:9-12

Altars:
Dithmenos
Fedhas
Gozag
Kikubaaqudgha
Makhleb
Nemelex Xobeh
Sif Muna
Trog
Vehumet
Wu Jian
Yredelemnul
Zin
The Shining One

Shops:
D:6 [   D:8 :

Annotations:
Lair:1 exclusion: 2 oklob plants IceCv exclusion: ice statue


Message History

Casting: Bolt of Magma (safe; 3% risk of failure)
Confirm with . or Enter, or press ? or * to list all spells.
Aiming: Bolt of Magma (safe; 3% risk of failure)
Press: ? - help, Shift-Dir - straight line, f/p - ice statue
Aim: an ice statue You feel a surge of power!
The bolt of magma hits the ice statue!!
The ice statue melts!
The ice statue is heavily damaged.
Casting: Bolt of Magma (safe; 3% risk of failure)
Confirm with . or Enter, or press ? or * to list all spells.
Aiming: Bolt of Magma (safe; 3% risk of failure)
Press: ? - help, Shift-Dir - straight line, f/p - ice statue
Aim: an ice statue (heavily damaged)
You feel a surge of power!
The bolt of magma hits the ice statue!
The ice statue melts!
The ice statue is heavily damaged.
The ice statue gestures at you. The bolt of cold hits you!!!
You feel a terrible chill!
Ouch! That really hurt!
You die...

##...# ##...##
#...## #..##
##..## ##..#
##..##
#8#....#.###
#....@.....#
#............
#.............
##..........#.
#..........##
##........##
##...#####
####


You could see an ice statue.

Vanquished Creatures
  A two-headed ogre (D:8)
  An ice statue (IceCv)
  A gargoyle (D:8)
  3 spiny frogs (Lair:1)
  2 komodo dragons (Lair:1)
  An ice devil (IceCv)
  A troll (D:9)
  4 hippogriffs
  A vampire (D:8)
  Eustachio (D:4)
  13 yaks (Lair:1)
  A steam dragon (D:9)
  3 wargs (D:8)
  A hungry ghost (D:8)
  Menkaure (D:6)
  2 water moccasins
  Duvessa (D:5)
  3 porcupines (Lair:1)
  2 sky beasts
  An orc warrior (D:6)
  A necrophage (D:8)
  9 ice beasts
  A phantom (D:6)
  5 ogres
  2 centaurs (D:7)
  2 crocodiles (Lair:1)
  6 bullfrogs
  A big kobold (D:7)
  Dowan (D:5)
  4 scorpions
  A water moccasin skeleton (D:9)
  3 wights (D:8)
  3 howler monkeys
  2 centaur zombies
  3 crimson imps
  A quasit (D:5)
  A jelly (D:6)
  2 hounds (D:4)
  6 orc priests
  5 worker ants
  9 orc wizards
  2 killer bee zombies
  A worker ant zombie (D:6)
  9 gnolls
  5 adders
  2 shadow imps
  7 white imps (IceCv)
  2 ufetubi (IceCv)
  2 adder skeletons
  An adder zombie (D:8)
  4 worms
  3 dart slugs
  3 leopard geckos
  32 orcs
  8 bats
  12 giant cockroaches
  7 goblins
  7 hobgoblins
  11 jackals
  11 kobolds
  4 quokkas
  6 frilled lizards
  A leopard gecko skeleton (D:6)
  A quokka zombie (D:8)
  8 rats
261 creatures vanquished.

Vanquished Creatures (collateral kills)
  A crimson imp (D:6)
  A leopard gecko (D:6)
  An orc (D:6)
3 creatures vanquished.

Vanquished Creatures (others)
  A reaper (IceCv)
  3 white imps (IceCv)
  An orc (D:9)
  A fungus (Lair:2)
  2 plants (Lair:2)
8 creatures vanquished.

Grand Total: 272 creatures vanquished

Notes
Turn   | Place    | Note
-------+----------+-------------------------------------------
     0 | D:1      | Exodus22XD the Deep Elf Wizard began the quest for the Orb.
     0 | D:1      | Reached XP level 1. HP: 10/10 MP: 7/7
   178 | D:1      | Reached skill level 2 in Conjurations
   209 | D:1      | Reached XP level 2. HP: 10/15 MP: 0/9
   744 | D:1      | Reached skill level 3 in Conjurations
   906 | D:1      | Reached XP level 3. HP: 19/19 MP: 6/10
  1149 | D:2      | Learned a level 2 spell: Call Imp
  1152 | D:2      | Learned a level 2 spell: Blink
  1156 | D:2      | Learned a level 3 spell: Conjure Flame
  1298 | D:2      | Reached skill level 4 in Conjurations
  1340 | D:2      | Noticed a bullfrog
  1350 | D:2      | Killed a bullfrog
  1350 | D:2      | Reached XP level 4. HP: 24/24 MP: 1/12
  1438 | D:2      | Found a sparkling altar of Nemelex Xobeh.
  1438 | D:2      | Found a blossoming altar of Fedhas.
  1446 | D:2      | Found a bloodstained altar of Trog.
  1596 | D:2      | Reached XP level 5. HP: 28/28 MP: 5/13
  1706 | D:2      | Learned a level 3 spell: Mephitic Cloud
  2083 | D:3      | Reached skill level 1 in Fire Magic
  2356 | D:3      | Found a glowing golden altar of the Shining One.
  2371 | D:3      | Found a deep blue altar of Sif Muna.
  2379 | D:3      | Became a worshipper of Sif Muna the Loreminder
  2626 | D:4      | Noticed Eustachio
  2639 | D:4      | Killed Eustachio
  2639 | D:4      | Reached XP level 6. HP: 28/32 MP: 4/14
  3027 | D:4      | Reached skill level 1 in Poison Magic
  3187 | D:4      | Reached skill level 5 in Conjurations
  3358 | D:4      | Reached XP level 7. HP: 32/36 MP: 4/15
  3530 | D:4      | Reached * piety under Sif Muna
  3530 | D:4      | Reached skill level 5 in Spellcasting
  3684 | D:4      | Reached skill level 6 in Conjurations
  3709 | D:4      | Found an ornate altar of the Wu Jian Council.
  3843 | D:4      | Found an opulent altar of Gozag.
  3942 | D:5      | Entered Level 5 of the Dungeon
  3950 | D:5      | Noticed Duvessa
  3952 | D:5      | Noticed Dowan
  3954 | D:5      | Reached skill level 5 in Fire Magic
  4073 | D:5      | Found a basalt altar of Yredelemnul.
  4350 | D:5      | Reached XP level 8. HP: 41/41 MP: 12/18
  4424 | D:5      | Reached ** piety under Sif Muna
  4608 | D:5      | Killed Duvessa
  4780 | D:5      | Killed Dowan
  4836 | D:5      | Reached skill level 7 in Conjurations
  5217 | D:6      | Noticed Menkaure
  5390 | D:6      | Reached skill level 8 in Conjurations
  5535 | D:6      | Found Buifymi's Armour Emporium.
  6071 | D:7      | Reached XP level 9. HP: 45/45 MP: 13/22
  6092 | D:7      | Reached skill level 9 in Conjurations
  6096 | D:7      | Reached *** piety under Sif Muna
  6119 | D:7      | Found a staircase to the Ecumenical Temple.
  6126 | Temple   | Entered the Ecumenical Temple
  6690 | D:8      | Noticed a two-headed ogre
  6756 | D:8      | Found Vugogups's Book Boutique.
  7097 | D:9      | Found a glowing silver altar of Zin.
  7100 | D:9      | Noticed a troll
  7117 | D:9      | Killed a troll
  7117 | D:9      | Reached skill level 10 in Spellcasting
  7117 | D:9      | Reached skill level 10 in Conjurations
  7309 | D:8      | Killed a two-headed ogre
  7309 | D:8      | Reached skill level 5 in Invocations
  7399 | D:8      | Learned a level 5 spell: Iskenderun's Battlesphere
  7405 | D:8      | Learned a level 5 spell: Bolt of Magma
  7426 | D:8      | Noticed a gargoyle
  7428 | D:8      | Killed a gargoyle
  7428 | D:8      | Reached XP level 10. HP: 50/50 MP: 4/26
  7582 | D:8      | Reached **** piety under Sif Muna
  7799 | D:8      | Found a burning altar of Makhleb.
  7841 | D:8      | Found a staircase to the Lair.
  8243 | D:7      | Reached skill level 11 in Conjurations
  8739 | D:6      | Killed Menkaure
  9005 | D:9      | Found a shadowy altar of Dithmenos.
  9576 | Lair:1   | Entered Level 1 of the Lair of Beasts
  9716 | Lair:1   | Reached ***** piety under Sif Muna
  9716 | Lair:1   | Reached skill level 12 in Conjurations
  9721 | Lair:1   | Received a gift from Sif Muna
  9735 | Lair:1   | Noticed a spiny frog
 10005 | Lair:1   | Noticed a spiny frog
 10010 | Lair:1   | Killed a spiny frog
 10107 | Lair:1   | Reached XP level 11. HP: 54/54 MP: 6/28
 10522 | Lair:1   | Reached skill level 13 in Conjurations
 10621 | Lair:1   | Noticed an oklob plant
 10621 | Lair:1   | Noticed an oklob plant
 11025 | Lair:2   | Found a hole to the Spider Nest.
 11152 | Lair:2   | Found a frozen archway.
 11240 | Lair:2   | Reached skill level 5 in Summonings
 11258 | IceCv    | Entered an ice cave
 11373 | IceCv    | Killed a reaper
 11524 | IceCv    | Killed from afar by an ice statue

Skill      XL: |  1  2  3  4  5  6  7  8  9 10 11 |
---------------+----------------------------------+-----
Conjurations   | 2 3 4 5 6 8 10 12 13 | 13.2
Summonings     | 3 6 |  6.0
Fire Magic     | 4 5 |  5.2
Poison Magic   | 1 3 |  3.3
Spellcasting   | 5 7 10 11 12 | 12.4
Invocations    | 2 5 6 |  6.1
Dodging        | |  2.4
Stealth        | |  2.4
Translocations | |  1.1

Action                   |  1- 3 |  4- 6 |  7- 9 | 10-12 || total
-------------------------+-------+-------+-------+-------++-------
Melee: Dagger            |       |       |    11 |     6 ||    17
 Cast: Magic Dart        |    84 |   129 |   258 |   210 ||   681
       Conjure Flame     |     1 |     7 |    31 |     4 ||    43
       Mephitic Cloud    |       |     6 |    29 |     3 ||    38
       Call Imp          |       |       |     7 |       ||     7
       Iskenderun's Batt |       |       |     1 |    40 ||    41
       Bolt of Magma     |       |       |     1 |    21 ||    22
       Blink             |       |       |     1 |       ||     1
Invok: Divine Energy     |       |       |       |     2 ||     2
       Stop Divine Energ |       |       |       |     2 ||     2
Evoke: Wand              |       |       |       |     7 ||     7
  Use: Scroll            |       |       |     9 |     3 ||    12
       Potion            |       |       |     1 |     3 ||     4
  Eat: Chunk             |     1 |     7 |     6 |    17 ||    31
       Ration            |       |       |     2 |       ||     2
Armor: Robe              |     1 |       |    17 |     8 ||    26
Dodge: Dodged            |    14 |    16 |    60 |    37 ||   127
